 Dungeon Crawl Stone Soup version 0.26-a0-812-g31a745ddcd (webtiles) character file.

Game seed: 3171882741460972001

10402 Dracia the Destroyer (level 11, -8/74 HPs)
             Began as a Grey Draconian Conjurer on Dec 7, 2020.
             Was a Priest of Vehumet.
             Mangled by Urug
             ... wielding a +3 double sword
              (27 damage)
             ... on level 1 of the Lair of Beasts.
             The game lasted 00:33:21 (16084 turns).

Dracia the Destroyer (Grey Draconian Conjurer)     Turns: 16084, Time: 00:33:22

Health: -8/74      AC: 24    Str: 10    XL:     11   Next: 35%
Magic:  7/24       EV: 13    Int: 30    God:    Vehumet [***...]
Gold:   688        SH:  0    Dex: 14    Spells: 2/29 levels left

rFire    . . .     SeeInvis +   J - +7 dagger of the Twisting Visionary {freeze, MR- Dex+4}
rCold    . . .     Faith    .   (no shield)
rNeg     + + .     Spirit   .   (armour unavailable)
rPois    .         Reflect  .   T - +1 hat {SInv}
rElec    .         Harm     .   Q - +0 cloak
rCorr    .         Rampage  .   (no gloves)
MR       .....                  O - +2 pair of boots
Stlth    ++........             W - amulet of Xeanlew {RegenMP +Inv rN++ Int+3 SInv}
HPRegen  0.22/turn              i - +6 ring of intelligence
MPRegen  0.44/turn              Z - ring of wizardry

@: icy armour
A: walk through water, unfitting armour, unbreathing, cold-blooded, AC +12
a: Renounce Religion, Evoke Invisibility


You were on level 1 of the Lair of Beasts.
You worshipped Vehumet.
Vehumet was most pleased with you.
You visited 3 branches of the dungeon, and saw 12 of its levels.

You collected 688 gold pieces.


Innate Abilities, Weirdness & Mutations

You can walk through water.
Your dull iron-grey scales are very hard. (AC +12)
You cannot fit into any form of body armour.
You can survive without breathing.
You are cold-blooded and may be slowed by cold attacks.


   Skills:
 + Level 3.0 Dodging
 - Level 1.7 Stealth
 - Level 9.7 Spellcasting
 - Level 14.2 Conjurations
 + Level 2.4 Ice Magic


You had 2 spell levels left.
You knew the following spells:

 Your Spells              Type           Power        Failure   Level
d - Dazzling Flash        Conj/Hex       ######       1%          3
f - Fulminant Prism       Conj/Hex       ######....   1%          4
o - Ozocubu's Armour      Ice            ####....     1%          3
r - Frozen Ramparts       Ice            ####..       1%          3
s - Searing Ray           Conj           ######       0%          2
w - Magic Dart            Conj           ####         0%          1
z - Stone Arrow           Conj/Erth      ######       1%          3
X - Iskenderun's Mystic   Conj/Tloc      ######..     1%          4
Y - Hailstorm             Conj/Ice       ######..     1%          4

Your spell library contained the following spells:

 Spells                   Type           Power        Failure   Level
 Freeze                   Ice            ####         1%          1
 Summon Ice Beast         Ice/Summ       ###.....     9%          4

Inventory:

Hand Weapons
 c - a +0 whip
 g - a -2 short sword
 l - a +1 whip of draining
 z - a +1 spear of pain
 B - a +3 whip of freezing
 J - the +7 dagger of the Twisting Visionary (weapon) {freeze, MR- Dex+4}
   (You found it on level 5 of the Dungeon)

   It has been specially enchanted to freeze those struck by it, causing extra
   injury to most foes and up to half again as much damage against particularly
   susceptible opponents.
   It can also slow down cold-blooded creatures.
   It affects your dexterity (+4).
   It affects your resistance to hostile enchantments.
Missiles
 o - 2 curare-tipped darts {=f=f}
 p - 46 poisoned darts
 s - 7 atropa-tipped darts (quivered)
 v - 5 datura-tipped darts
 y - 2 throwing nets {=f=f}
Armour
 f - a +0 pair of boots
 O - a +2 pair of boots (worn)
 Q - a +0 cloak (worn)
 T - a +1 hat of see invisible (worn)
Magical Staves
 H - an uncursed staff of death {!a!a}
 P - an uncursed staff of cold {!a!a}
Jewellery
 i - a +6 ring of intelligence (left hand)
 m - an uncursed ring of protection from magic
 A - an uncursed amulet of the acrobat
 C - an uncursed ring of protection from cold
 F - an uncursed ring of fire
 G - an uncursed amulet of guardian spirit
 L - an uncursed ring of flight
 M - an uncursed ring of protection from magic
 R - an uncursed ring of resist corrosion
 W - the amulet of Xeanlew (around neck) {RegenMP +Inv rN++ Int+3 SInv}
   (You found it on level 10 of the Dungeon)

   [amulet of magic regeneration]

   It increases your magic regeneration.
   It affects your intelligence (+3).
   It greatly protects you from negative energy.
   It lets you see invisible.
   It lets you turn invisible.
 Z - a ring of wizardry (right hand)
Scrolls
 a - 3 scrolls of teleportation {@r4@r4}
 e - 2 scrolls of magic mapping
 j - 5 scrolls of remove curse {@r2@r2}
 k - 4 scrolls of blinking
 n - 2 scrolls of amnesia
 q - a scroll of enchant armour
 r - 5 scrolls of identify {@r1@r1}
 t - 3 scrolls of enchant weapon
 u - 2 scrolls of fear
 D - 4 scrolls of fog
 K - a scroll of random uselessness
 U - a scroll of vulnerability {unknown}
Potions
 b - 6 potions of haste {@q3@q3}
 d - 5 potions of curing {@q1@q1}
 h - 3 potions of lignification
 w - 2 potions of ambrosia
 x - a potion of flight
 E - a potion of might
 I - 3 potions of brilliance
 N - a potion of heal wounds {@q2@q2}
 S - 2 potions of magic
 V - 2 potions of cancellation {unknown}
 X - a potion of mutation {unknown}

Dungeon Overview and Level Annotations

Branches:
Dungeon (10/15)            Temple (1/1) D:5            Lair (1/6) D:10
    Orc (0/2) D:9

Altars:
Ashenzari
Cheibriados
Dithmenos
Elyvilon
Fedhas
Gozag
Kikubaaqudgha
Makhleb
Nemelex Xobeh
Qazlal
Ru
Vehumet
Wu Jian
Xom
Yredelemnul
Zin
The Shining One

Shops:
D:10 (

Annotations:
Lair:1 3 runed translucent doors, Flubbersnuff's ghost, journeyman MiBe; Urug

.........
.......#
......# .....##
# ##.....##
...##......#
...J#...o..###
..WJ+..@.....#
..JJ+........#
...J+(#.......#
...J#.##.......
...## .......
## #. ....... .
......# ..
.....##


You could see Urug, a large slime creature, 3 slime creatures, 2 jellies and
Flubbersnuff's ghost.


Message History

You hit Urug but do no damage. You tail-slap Urug, but do no damage.
Urug is heavily wounded.
Urug hits you with a +3 double sword.
* * * LOW HITPOINT WARNING * * *
You puncture Urug! You freeze Urug. You tail-slap Urug, but do no damage.
Urug is severely wounded.
Urug completely misses you.
You hit Urug but do no damage.
Urug is severely wounded.
Urug hits you but does no damage.
You hit Urug but do no damage.
Urug is severely wounded.
Urug hits you but does no damage.
You hit Urug but do no damage.
Urug is severely wounded.
The jelly jiggles.
Urug hits you but does no damage.
You hit Urug. You freeze Urug.
Urug is severely wounded.
You hit Urug. You freeze Urug.
Urug is severely wounded.
Urug hits you with a +3 double sword!
* * * LOW HITPOINT WARNING * * *
You hit Urug but do no damage.
Urug is severely wounded.
Urug hits you but does no damage.
You hit Urug but do no damage.
Urug is severely wounded.
Urug hits you with a +3 double sword!!
You die...

Skill      XL: |  1  2  3  4  5  6  7  8  9 10 11 |
---------------+----------------------------------+-----
Spellcasting   | 3 4 5 6 8 9 |  9.7
Conjurations   | 5 6 7 9 10 12 14 | 14.2
Dodging        | 3 |  3.0
Ice Magic      | 2 |  2.4
Stealth        | |  1.7

Action                   |  1- 3 |  4- 6 |  7- 9 | 10-12 || total
-------------------------+-------+-------+-------+-------++-------
Melee: Unarmed           |     4 |       |       |       ||     4
       Short sword       |    16 |       |       |       ||    16
       Tailslap          |     1 |       |    31 |    13 ||    45
       Whip              |       |    29 |    45 |    26 ||   100
       Spear             |       |       |    74 |       ||    74
       Dagger            |       |       |   237 |   138 ||   375
Throw: Dart              |       |       |       |     6 ||     6
 Cast: Magic Dart        |    60 |   104 |   121 |    58 ||   343
       Searing Ray       |       |    12 |    25 |    19 ||    56
       Fulminant Prism   |       |       |       |     1 ||     1
       Stone Arrow       |       |       |       |    27 ||    27
       Iskenderun's Myst |       |       |       |     4 ||     4
       Hailstorm         |       |       |       |     3 ||     3
       Frozen Ramparts   |       |       |       |     2 ||     2
       Ozocubu's Armour  |       |       |       |     1 ||     1
  Use: Scroll            |     3 |       |    11 |     3 ||    17
       Potion            |       |       |     9 |     2 ||    11
 Stab: Sleeping          |       |       |     6 |     1 ||     7
       Paralysed         |       |       |     1 |       ||     1
       Distracted        |       |       |     1 |       ||     1
Armor: Skin              |     5 |    17 |   213 |    94 ||   329
Dodge: Dodged            |    26 |    56 |   269 |   167 ||   518

Levels and vault maps discovered:
D:1:      mrwooster_arrival_statue, layout_rooms, bh_walls_and_bars
D:2:      layout_basic, nicolae_gozag_cash_rules_everything_around_me,
          uniq_jessica
D:3:      layout_basic, uniq_robin
D:4:      layout_rooms, marbit_many_paths, kennysheep_vampire_church,
          uniq_pikel, uniq_edmund
D:5:      layout_loops_cross, nicolae_ru_great_annihilating_truth,
          chequers_temple_overflow_statue_of_worship, minmay_temple_entry_waves,
          uniq_menkaure
D:6:      kennysheep_six_static_rooms, layout_loops_cross, lemuel_doored_altar,
          lemuel_round_altar, serial_shops, kennysheep_little_box, uniq_sigmund
D:7:      layout_cave_pods
D:8:      layout_cave_pods, enter_bailey_8, evilmike_ruin_ashenzari,
          uniq_psyche, uniq_harold
D:9:      layout_basic, lemuel_crystal_altar, orc_0_dummy,
          minmay_misc_feat_rows, uniq_maggie
D:10:     layout_loops_ring, lair_entry_dummy, serial_bayou,
          serial_bayou_shore_a, serial_bayou_lagoon_b, serial_bayou_pond_b,
          serial_bayou_pond_b, serial_shops, shop,
          grunt_dithmenos_smoke_and_mirrors, uniq_gastronok
Temple:   zaba_magenta_temple
Lair:1:   dpeg_oklob_gauntlet, layout_layer_cave, gammafunk_ghost_ooze,
          portal_ice_cave_demonic_guard, infiniplex_staircase_pool_2, uniq_urug

Notes
Turn   | Place    | Note
-------+----------+-------------------------------------------
     0 | D:1      | Dracia the Draconian Conjurer began the quest for the Orb.
     0 | D:1      | Reached XP level 1. HP: 14/14 MP: 3/3
   365 | D:1      | Reached XP level 2. HP: 19/20 MP: 3/5
   716 | D:1      | Reached XP level 3. HP: 26/26 MP: 4/7
  1031 | D:2      | Reached skill level 3 in Spellcasting
  1083 | D:2      | Learned a level 2 spell: Searing Ray
  1362 | D:2      | Reached XP level 4. HP: 33/33 MP: 2/8
  1429 | D:2      | Noticed Jessica
  1443 | D:2      | Killed Jessica
  1443 | D:2      | Reached skill level 5 in Conjurations
  1771 | D:2      | Found an opulent altar of Gozag.
  2103 | D:3      | Reached XP level 5. HP: 38/38 MP: 2/10
  2624 | D:3      | Reached skill level 6 in Conjurations
  2780 | D:3      | Reached XP level 6. HP: 45/45 MP: 5/11
  3278 | D:3      | Reached skill level 4 in Spellcasting
  3350 | D:3      | Noticed Robin
  3355 | D:3      | Killed Robin
  3809 | D:3      | Reached skill level 7 in Conjurations
  3982 | D:4      | Noticed Edmund
  3990 | D:4      | Your scales start taking on a dull iron-grey colour.
  3990 | D:4      | Reached XP level 7. HP: 44/50 MP: 5/13
  3990 | D:4      | Gained mutation: You can survive without breathing. [Grey
                  | Draconian growth]
  4012 | D:4      | Killed Edmund
  4554 | D:3      | Learned a level 3 spell: Dazzling Flash
  4559 | D:3      | Learned a level 4 spell: Fulminant Prism
  4564 | D:3      | Learned a level 4 spell: Iskenderun's Mystic Blast
  4875 | D:4      | Reached skill level 5 in Spellcasting
  4970 | D:4      | Found an ancient bone altar of Kikubaaqudgha.
  4987 | D:4      | Reached skill level 8 in Conjurations
  5091 | D:4      | Noticed Pikel
  5108 | D:4      | Killed Pikel
  5108 | D:4      | Reached skill level 9 in Conjurations
  5108 | D:4      | Reached XP level 8. HP: 49/57 MP: 3/16
  5267 | D:4      | Reached skill level 6 in Spellcasting
  5409 | D:4      | Found a shadowy altar of Dithmenos.
  5776 | D:5      | Entered Level 5 of the Dungeon
  5792 | D:5      | Noticed Menkaure
  5797 | D:5      | Killed Menkaure
  5797 | D:5      | Reached skill level 10 in Conjurations
  5805 | D:5      | Got a jewelled dagger
  5807 | D:5      | Identified the +7 dagger of the Twisting Visionary {freeze,
                  | MR- Dex+4} (You found it on level 5 of the Dungeon)
  5851 | D:5      | Found a staircase to the Ecumenical Temple.
  5921 | Temple   | Entered the Ecumenical Temple
  5964 | Temple   | Became a worshipper of Vehumet
  6138 | D:5      | Found a sacrificial altar of Ru.
  6205 | D:5      | Reached XP level 9. HP: 62/62 MP: 15/19
  6356 | D:5      | Found a stormy altar of Qazlal.
  6357 | D:5      | Found a white marble altar of Elyvilon.
  6693 | D:5      | Identified a potion of resistance
  6864 | D:6      | Found a basalt altar of Yredelemnul.
  7158 | D:6      | Reached skill level 7 in Spellcasting
  7298 | D:6      | Reached * piety under Vehumet
  7298 | D:6      | Offered knowledge of Shock by Vehumet.
  7486 | D:6      | Reached skill level 11 in Conjurations
  7738 | D:6      | Found a broken altar of Ashenzari.
  8200 | D:7      | Offered knowledge of Freeze by Vehumet.
  8293 | D:7      | Reached ** piety under Vehumet
  9876 | D:8      | Noticed Psyche
  9890 | D:8      | Killed Psyche
  9890 | D:8      | Reached skill level 8 in Spellcasting
  9890 | D:8      | Reached skill level 12 in Conjurations
  9890 | D:8      | Reached XP level 10. HP: 42/69 MP: 20/22
 10291 | D:8      | Found a broken altar of Ashenzari.
 10320 | D:8      | Noticed Harold
 10344 | D:8      | Killed Harold
 11418 | D:8      | Noticed a two-headed ogre
 11431 | D:8      | Killed a two-headed ogre
 11431 | D:8      | Reached skill level 13 in Conjurations
 11691 | D:9      | Noticed Maggie
 11708 | D:9      | Killed Maggie
 11708 | D:9      | Reached skill level 9 in Spellcasting
 12182 | D:9      | Offered knowledge of Stone Arrow by Vehumet.
 12379 | D:9      | Found a staircase to the Orcish Mines.
 12382 | D:9      | Found a burning altar of Makhleb.
 12858 | D:10     | Entered Level 10 of the Dungeon
 13176 | D:10     | Noticed Gastronok
 13200 | D:10     | Killed Gastronok
 13200 | D:10     | Reached skill level 14 in Conjurations
 13200 | D:10     | Reached XP level 11. HP: 24/74 MP: 14/24
 13600 | D:10     | Learned a level 3 spell: Stone Arrow
 13607 | D:10     | Found a shadowy altar of Dithmenos.
 13668 | D:10     | Reached *** piety under Vehumet
 14121 | D:10     | Found Mixutut's Weapon Emporium.
 14249 | D:10     | Learned a level 3 spell: Ozocubu's Armour
 14254 | D:10     | Learned a level 4 spell: Hailstorm
 14258 | D:10     | Learned a level 3 spell: Frozen Ramparts
 14293 | D:10     | Found a staircase to the Lair.
 14318 | D:10     | Got a bound emerald amulet
 14319 | D:10     | Identified the amulet of Xeanlew {RegenMP +Inv rN++ Int+3
                  | SInv} (You found it on level 10 of the Dungeon)
 14625 | D:10     | Reached skill level 2 in Dodging
 14890 | D:10     | Reached skill level 1 in Ice Magic
 14994 | D:10     | Noticed a two-headed ogre
 14998 | D:10     | Killed a two-headed ogre
 14998 | D:10     | Reached skill level 2 in Ice Magic
 15595 | D:10     | Reached skill level 3 in Dodging
 16066 | Lair:1   | Entered Level 1 of the Lair of Beasts
 16066 | Lair:1   | Found a runed translucent gate.
 16066 | Lair:1   | Found a runed translucent gate.
 16066 | Lair:1   | Found a runed translucent gate.
 16066 | Lair:1   | Noticed Flubbersnuff's ghost (journeyman MiBe)
 16066 | Lair:1   | Noticed Urug
 16084 | Lair:1   | Mangled by Urug

Vanquished Creatures
  Gastronok (D:10)
  Harold (D:8)
  2 two-headed ogres
  Pikel (D:4)
  Psyche (D:8)
  Maggie (D:9)
  A troll (D:10)
  A hornet (D:9)
  A wraith (D:10)
  Menkaure (D:5)
  Edmund (D:4)
  5 ice beasts
  A necrophage (D:9)
  An orc warrior (D:4)
  5 sky beasts
  2 phantoms
  An eye of draining (D:10)
  3 ogres
  5 centaurs
  4 lemures (D:4)
  3 bullfrogs
  6 scorpions
  3 vampire bats (D:4)
  19 wights
  6 electric eels (D:10)
  A howler monkey (D:7)
  A bullfrog zombie (D:5)
  4 bullfrog skeletons
  A jelly (D:9)
  8 hounds
  5 orc wizards
  3 centaur skeletons
  4 orc priests
  Jessica (D:2)
  4 iguanas
  5 worker ants
  A hound skeleton (D:4)
  2 worker ant zombies
  Robin (D:3)
  8 gnolls
  A howler monkey zombie (D:5)
  12 adders
  2 shadow imps
  2 white imps
  3 ufetubi
  3 oozes
  2 worms
  2 dart slugs
  2 leopard geckos
  29 orcs
  A ball python (D:7)
  9 bats
  4 bat skeletons (D:4)
  3 bat zombies (D:4)
  10 giant cockroaches
  16 goblins
  5 hobgoblins
  8 jackals
  9 quokkas
  10 frilled lizards
  5 kobolds
  2 leopard gecko skeletons (D:4)
  A quokka zombie (D:6)
  13 rats
279 creatures vanquished.

Vanquished Creatures (others)
  A fulminant prism (D:8)
  A fungus (Lair:1)
  15 plants (D:10)
17 creatures vanquished.

Grand Total: 296 creatures vanquished

Table legend: (Time is in decaauts)
 A = Elapsed time spent in this place.
 B = Non-inter-level travel time spent in this place.
 C = Inter-level travel time spent in this place.
 D = Time resting spent in this place.
 E = Time spent auto-exploring this place.
 F = Levels seen in this place.
 G = Mean time per level.
                   A        B        C        D        E       F      G
               +--------+--------+--------+--------+--------+-----+--------+
         Total |  16134 |  15828 |    306 |   5684 |   7692 |  12 | 1344.5 |
       Dungeon |  16047 |  15741 |    306 |   5684 |   7653 |  10 | 1604.7 |
        Temple |     68 |     68 |      0 |      0 |     39 |   1 |   68.0 |
          Lair |     17 |     17 |      0 |      0 |      0 |   1 |   17.0 |
               +--------+--------+--------+--------+--------+-----+--------+

Top non-repeatable levels by time:
    D:10: 3003 daAuts
     D:8: 2163 daAuts
     D:3: 2045 daAuts
     D:7: 1703 daAuts
     D:2: 1438 daAuts
     D:9: 1415 daAuts
     D:4: 1290 daAuts
     D:1: 1020 daAuts
     D:5: 997 daAuts
     D:6: 969 daAuts
  Temple: 68 daAuts
  Lair:1: 17 daAuts

Table legend:
 A = Non-vault XP
 B = Vault XP
 C = Vault XP percentage of total XP
 D = Non-vault monster count
 E = Vault monster count
 F = Vault count percentage of total count
                 A         B        C        D         E       F
            +---------+---------+-------+---------+---------+-------
      Total |    8062 |    6798 |  45.7 |     228 |      47 |  17.1
            +---------+---------+-------+---------+---------+-------
        D:1 |      51 |       0 |   0.0 |      24 |       0 |   0.0
        D:2 |      97 |      37 |  27.6 |      24 |       1 |   4.0
        D:3 |     500 |      38 |   7.1 |      37 |      13 |  26.0
        D:4 |     669 |     971 |  59.2 |      22 |      13 |  37.1
        D:5 |     623 |     196 |  23.9 |      17 |       5 |  22.7
        D:6 |     525 |      45 |   7.9 |      14 |       5 |  26.3
        D:7 |    1390 |       0 |   0.0 |      39 |       0 |   0.0
        D:8 |    1916 |    1404 |  42.3 |      20 |       2 |   9.1
        D:9 |     795 |     427 |  34.9 |      11 |       2 |  15.4
       D:10 |    1496 |    3680 |  71.1 |      20 |       6 |  23.1
            +---------+---------+-------+---------+---------+-------
